 Dungeon Crawl Stone Soup version 0.30-a0-571-gdf30a72648 (webtiles) character file.

Game seed: 16497802330372892263

777 bobo the Magician (level 7, 0/36 HPs)
             Began as a Deep Elf Earth Elementalist on Dec 30, 2022.
             Blown up by a gnoll (20 damage)
             ... with a mindburst bolt
             ... on level 4 of the Dungeon.
             The game lasted 00:16:06 (4375 turns).

bobo the Magician (Deep Elf Earth Elementalist)     Turns: 4375, Time: 00:16:07

Health: 0/36       AC:  2    Str:  5    XL:     7   Next: 54%
Magic:  1/18       EV: 12    Int: 22    God:
Gold:   211        SH:  0    Dex: 15    Spells: 5/18 levels left

rFire   + . .      SeeInvis .    c - +10 hand axe of Fatigue {freeze, rF+}
rCold   . . .      Faith    .    (no shield)
rNeg    + . .      Spirit   .    a - +0 robe
rPois   .          Reflect  .    (no helmet)
rElec   .          Harm     .    (no cloak)
rCorr   .          Rampage  .    (no gloves)
Will    .....                    (no boots)
Stlth   ++                       (no amulet)
HPRegen 0.26/turn                q - ring of positive energy
MPRegen 0.16/turn                (no ring)

@: no status effects
A: no striking features
a: no special abilities


You were on level 4 of the Dungeon.
You visited 1 branch of the dungeon, and saw 4 of its levels.
You also visited: Ossuary.

You collected 211 gold pieces.

Inventory:

Hand Weapons
 c - the +10 hand axe of Fatigue (weapon) {freeze, rF+}
   (You found it on level 4 of the Dungeon)

   It freezes those it strikes, dealing additional cold damage.
   It can also slow down cold-blooded creatures.
   rF:        It protects you from fire.
Armour
 a - a +0 robe (worn)
Jewellery
 q - a ring of positive energy (left hand)
Wands
 x - a wand of polymorph (5)
Scrolls
 g - 3 scrolls of enchant weapon
 i - a scroll of fear
 j - a scroll of amnesia
 k - 3 scrolls of teleportation
 l - a scroll of fog {unknown}
 p - a scroll of noise
 r - a scroll of immolation
 t - a scroll of enchant armour {unknown}
 w - a scroll of identify
Potions
 b - a potion of magic
 d - a potion of cancellation {unknown}
 e - 4 potions of curing
 f - 2 potions of might {unknown}
 h - a potion of berserk rage {unknown}
 m - a potion of heal wounds {unknown}
 n - a potion of brilliance {unknown}
 o - 2 potions of haste {unknown}
 s - 2 potions of flight {unknown}
 u - a potion of invisibility {unknown}
 v - a potion of ambrosia {unknown}


   Skills:
 - Level 2.4 Dodging
 - Level 2.4 Stealth
 + Level 6.0 Spellcasting
 + Level 3.5 Conjurations
 - Level 2.2 Transmutations
 + Level 3.1 Air Magic
 + Level 5.4 Earth Magic
 + Level 3.4 Poison Magic


You had 5 spell levels left.
You knew the following spells:

 Your Spells              Type           Power      Damage    Failure   Level
a - Sandblast             Erth           60%        2d14      1%          1
b - Passwall              Tmut/Erth      19%        N/A       2%          2
c - Stone Arrow           Conj/Erth      52%        3d10      4%          3
d - Mephitic Cloud        Conj/Pois/Air  21%        N/A       7%          3
e - Call Imp              Summ           6%         N/A       14%         2
f - Poisonous Vapours     Pois/Air       42%        N/A       3%          2

Your spell library contained the following spells:

 Spells                   Type           Power      Damage    Failure   Level
 Magic Dart               Conj           88%        1d7       2%          1
 Sting                    Tmut/Pois      76%        1d6       3%          1
 Wereblood                Tmut           16%        N/A       5%          2
 Petrify                  Tmut/Erth      23%        N/A       19%         4
 Gell's Gravitas          Tloc           6%         N/A       26%         3
 Lesser Beckoning         Tloc           12%        N/A       26%         3
 Teleport Other           Tloc           6%         N/A       26%         3
 Tukima's Dance           Hex            6%         N/A       26%         3
 Anguish                  Hex/Necr       3%         N/A       65%         4
 Passage of Golubria      Tloc           6%         N/A       65%         4
 Blade Hands              Tmut           8%         N/A       69%         5
 Silence                  Hex/Air        6%         N/A       80%         5
 Yara's Violent Unravell  Hex/Tmut       5%         3d4       85%         5
 Lehudib's Crystal Spear  Conj/Erth      13%        10d4      100%        8


Dungeon Overview and Level Annotations

Branches:
Dungeon (4/15)            Ossuary (visited)
 Temple: D:4-7

Altars:

Shops:
D:2 :   D:4 (


Message History

Found a spear.
Your crimson imp hits the gnoll but does no damage.
The blast of sand hits the gnoll!
You kill the gnoll!
Your Spellcasting skill increases to level 6!
Your crimson imp disappears in a puff of smoke!
A gnoll comes into view. It is wielding a +0 spear.
The gnoll shouts!
You hear a shout!
There is a stone staircase leading up here.
Casting: Sandblast (safe; 1% risk of failure)
Confirm with . or Enter, or press ? or * to list all spells.
Aiming: Mephitic Cloud (dangerous; 7% risk of failure)
Press: ? - help, Shift-Dir - straight line The ball explodes into a vile cloud!
The stinking cloud engulfs the gnoll but does no damage.
The gnoll is engulfed in noxious fumes.
The gnoll appears confused.
A gnoll comes into view. It is wielding a +0 spear.
The blast of sand hits the gnoll but does no damage.
The gnoll is engulfed in noxious fumes.
The gnoll appears confused.
The blast of sand hits the gnoll!
The gnoll is severely wounded.
The gnoll is engulfed in noxious fumes.
The gnoll appears confused.
The gnoll is engulfed in noxious fumes.
The gnoll appears confused.
The blast of sand hits the gnoll!!
You kill the gnoll!
A gnoll comes into view.
It is wielding a +0 club and carrying a wand of mindburst (15).
Casting: Sandblast (safe; 1% risk of failure)
Confirm with . or Enter, or press ? or * to list all spells.
Aiming: Mephitic Cloud (dangerous; 7% risk of failure)
Press: ? - help, Shift-Dir - straight line, f - gnoll
Aim: a gnoll, wielding a +0 spear (chance to affect: 91%)
The ball explodes into a vile cloud!
The stinking cloud engulfs the gnoll but does no damage.
A gnoll comes into view. It is wielding a +0 club.
The gnoll is engulfed in noxious fumes.
The gnoll appears confused.
The gnoll zaps a wand.
Your mind is blasted!
The gnoll shouts!
The gnoll zaps a wand.
Your mind is blasted!
Ouch! That really hurt!
You die...

#.. ####....##....#.
##). ###.....###.##.
... #.#......##.#..
#.. ##..............
#.. #...#.##.....
####.##.###.......#
#.......####.....#
###...............##
#.....)@.....#......
#.....)..).#####....
............# #..#
..#g○........# #
#○.........#
.°.#..........
##>g##.......## ##
..g......


You could see 3 gnolls.

Vanquished Creatures
  An ogre (D:4)
  A centaur (D:3)
  5 water moccasin zombies (Ossuary)
  2 mummies (Ossuary)
  11 gnolls
  3 adders
  An adder zombie (Ossuary)
  2 worms (D:3)
  3 dart slugs
  6 orcs
  An endoplasm (D:1)
  A giant cockroach (D:3)
  7 goblins
  7 hobgoblins
  4 jackals
  10 kobolds
  3 quokkas
  8 ball pythons
  10 bats
  A frilled lizard (D:3)
  2 hobgoblin zombies (Ossuary)
  7 kobold zombies (Ossuary)
  4 orc zombies (Ossuary)
  3 rats
103 creatures vanquished.

Vanquished Creatures (collateral kills)
  A scorpion (D:3)
  An adder zombie (Ossuary)
  2 orcs
  A ball python (D:2)
  A hobgoblin zombie (Ossuary)
  5 kobold zombies (Ossuary)
  3 orc zombies (Ossuary)
14 creatures vanquished.

Grand Total: 117 creatures vanquished

Notes
Turn   | Place    | Note
-------+----------+-------------------------------------------
     0 | D:1      | bobo the Deep Elf Earth Elementalist began the quest for
                  | the Orb.
     0 | D:1      | Reached XP level 1. HP: 10/10 MP: 6/6
    74 | D:1      | Reached XP level 2. HP: 7/15 MP: 1/8
   335 | D:1      | Learned a level 2 spell: Passwall
   550 | D:1      | Reached XP level 3. HP: 2/19 MP: 5/10
   554 | D:1      | Learned a level 3 spell: Stone Arrow
   558 | D:1      | Learned a level 3 spell: Mephitic Cloud
  1030 | D:2      | Got the Codex of Evolution
  1080 | D:2      | Reached skill level 4 in Spellcasting
  1228 | D:2      | Found Cuzor's Book Emporium.
  1298 | D:2      | Reached XP level 4. HP: 24/24 MP: 9/12
  1301 | D:2      | Learned a level 2 spell: Call Imp
  1761 | D:3      | Reached skill level 1 in Conjurations
  1835 | D:3      | Reached skill level 1 in Air Magic
  1835 | D:3      | Reached skill level 1 in Poison Magic
  1970 | D:3      | Got the Octavo of Cankerous Hexes
  2250 | D:3      | Noticed a scorpion
  2255 | D:3      | Killed a scorpion
  2256 | D:3      | Reached XP level 5. HP: 28/28 MP: 10/13
  2433 | D:3      | Learned a level 2 spell: Poisonous Vapours
  2687 | D:3      | Noticed a centaur
  2694 | D:3      | Killed a centaur
  2695 | D:3      | Reached XP level 6. HP: 13/32 MP: 6/15
  3124 | D:3      | Reached skill level 5 in Spellcasting
  3268 | D:4      | Found a sand-covered staircase.
  3270 | D:4      | Identified the +10 hand axe of Fatigue {freeze, rF+}
  3275 | Ossuary  | Entered an ossuary
  3547 | Ossuary  | Reached skill level 5 in Earth Magic
  3636 | Ossuary  | Reached XP level 7. HP: 19/36 MP: 10/17
  4290 | D:4      | Found Doatir's Weapon Shoppe.
  4359 | D:4      | Reached skill level 6 in Spellcasting
  4375 | D:4      | Blown up by a gnoll

Illustrated notes

Levels and vault maps discovered:
D:1:      wander_arrival_fairy_ring, layout_loops_ring, chequers_jeans
D:2:      layout_loops_cross, serial_shops,
          nicolae_shop_competitors_out_of_business
D:3:      minmay_razor_zed, layout_basic, minmay_misc_feat_ornament,
          chequers_serial_rivers_marsh
D:4:      layout_cave_pools, serial_shops, nicolae_shop_bloodbath_and_beyond,
          portal_sewer_entry_b, enter_ossuary_1, reono_crystal_passage

Skill      XL: |  1  2  3  4  5  6  7 |
---------------+----------------------+-----
Transmutations | 2 |  2.2
Spellcasting   | 4 5 6 |  6.0
Earth Magic    | 4 5 |  5.4
Conjurations   | 1 2 3 |  3.5
Air Magic      | 1 2 3 |  3.1
Poison Magic   | 1 2 3 |  3.4
Dodging        | |  2.4
Stealth        | |  2.4

Action                   |  1- 3 |  4- 6 |  7- 9 || total
-------------------------+-------+-------+-------++-------
Melee: Hand axe          |       |       |     1 ||     1
 Cast: Sandblast         |    42 |    68 |    27 ||   137
       Call Imp          |       |    16 |     7 ||    23
       Stone Arrow       |       |     5 |     9 ||    14
       Poisonous Vapours |       |    12 |     1 ||    13
       Mephitic Cloud    |       |     1 |     5 ||     6
  Use: Scroll            |       |     4 |     2 ||     6
       Potion            |       |     1 |       ||     1
Armor: Robe              |     1 |     7 |     1 ||     9
Dodge: Dodged            |     4 |    28 |    17 ||    49

Table legend: (Time is in decaauts)
 A = Elapsed time spent in this place.
 B = Non-inter-level travel time spent in this place.
 C = Inter-level travel time spent in this place.
 D = Time resting spent in this place.
 E = Time spent auto-exploring this place.
 F = Levels seen in this place.
 G = Mean time per level.
                   A        B        C        D        E       F      G
               +--------+--------+--------+--------+--------+-----+--------+
         Total |   4445 |   4331 |    114 |    597 |   3005 |   5 |  889.0 |
       Dungeon |   3833 |   3719 |    114 |    397 |   2768 |   4 |  958.2 |
       Ossuary |    612 |    612 |      0 |    200 |    237 |   1 |  612.0 |
               +--------+--------+--------+--------+--------+-----+--------+

Top non-repeatable levels by time:
     D:3: 1666 daAuts
     D:1: 963 daAuts
     D:2: 814 daAuts
 Ossuary: 612 daAuts
     D:4: 389 daAuts
